 Dungeon Crawl Stone Soup version 0.29.0-7-g18a832c13a (webtiles) character file.

Game seed: 2548435007633700470

217 concernfroge the Trooper (level 5, -9/47 HPs)
             Began as a Mummy Monk on Aug 31, 2022.
             Splashed by a jelly's acid (10 damage)
             ... on level 3 of the Dungeon.
             The game lasted 00:09:27 (3400 turns).

concernfroge the Trooper (Mummy Monk)               Turns: 3400, Time: 00:09:29

Health: -9/47      AC: -1    Str: 17    XL:     5   Next: 62%
Magic:  5/5        EV:  7    Int:  9    God:
Gold:   145        SH:  0    Dex: 14    Spells: 4/4 levels left

rFire   x . .      SeeInvis .   a - +0 spear
rCold   + . .      Faith    .   (no shield)
rNeg    + + +      Spirit   .   b - +0 chain mail
rPois   ∞          Reflect  .   l - +0 helmet
rElec   .          Harm     .   d - +0 cloak
rCorr   .          Rampage  .   m - +0 pair of gloves
Will    .....                   (no boots)
Stlth   ..........              p - amulet of regeneration
HPRegen 0.15/turn               (no ring)
MPRegen 0.09/turn               (no ring)

@: corroded
A: cold resistance 1, negative energy resistance 3, torment resistance 2, heat
vulnerability 1, in touch with death 1, no potions
a: no special abilities


You were on level 3 of the Dungeon.
You visited 1 branch of the dungeon, and saw 4 of its levels.

You collected 145 gold pieces.

Inventory:

Hand Weapons
 a - a +0 spear (weapon)
Missiles
 g - 4 poisoned darts (quivered)
 n - 3 boomerangs
Armour
 b - a +0 chain mail (worn)
 d - a +0 cloak (worn)
 l - a +0 helmet (worn)
 m - a +0 pair of gloves (worn)
Jewellery
 i - an amulet of reflection
 p - an amulet of regeneration (around neck)
Scrolls
 h - 2 scrolls of enchant weapon
 k - 2 scrolls of identify


   Skills:
 + Level 6.4 Fighting
 - Level 2.4 Polearms
 - Level 2.4 Dodging
 - Level 1.5 Stealth


You had 4 spell levels left.
You didn't know any spells.
Your spell library contained the following spells:

 Spells                   Type           Power      Damage    Failure   Level
 Magic Dart               Conj           0%         1d3       100%        1
 Sandblast                Erth           0%         2d4       100%        1
 Call Imp                 Summ           0%         N/A       100%        2
 Passwall                 Tmut/Erth      0%         N/A       100%        2
 Mephitic Cloud           Conj/Pois/Air  0%         N/A       100%        3
 Stone Arrow              Conj/Erth      0%         3d7       100%        3
 Hailstorm                Conj/Ice       0%         3d3       100%        4
 Simulacrum               Ice/Necr       0%         N/A       100%        6
 Ice Form                 Ice/Tmut       Unusable   N/A       N/A         4

Dungeon Overview and Level Annotations

Branches:
Dungeon (4/15)
 Temple: D:4-7

Altars:
Hepliaklqana
Xom
Yredelemnul

Shops:
D:1 ([!*


Innate Abilities, Weirdness & Mutations

You are immune to poison.
Your flesh is cold resistant. (rC+)
You are immune to negative energy. (rN+++)
You are immune to unholy pain and torment.
You are vulnerable to heat. (rF-)
You are in touch with the powers of death.
You do not drink.


Message History

The jelly closely misses you.
You continue putting on your amulet of regeneration.
The jelly hits you but does no damage.
You continue putting on your amulet of regeneration.
The jelly closely misses you.
You finish putting on your amulet of regeneration.
The amulet cannot attune itself to your injured body.
p - an amulet of regeneration (around neck)
You aren't carrying any items that you can evoke.
Okay, then.
The jelly attacks as you move away! The jelly hits you but does no damage.
The jelly attacks as you move away! The jelly hits you but does no damage.
The jelly attacks as you move away! The jelly hits you.
* * * LOW HITPOINT WARNING * * *
The acid corrodes you!
You are splashed with acid.
* * * LOW HITPOINT WARNING * * *
The jelly attacks as you move away! The jelly barely misses you.
The jelly attacks as you move away! The jelly barely misses you.
The jelly attacks as you move away! The jelly barely misses you.
The jelly attacks as you move away! The jelly hits you but does no damage.
The jelly attacks as you move away! The jelly barely misses you.
There is a stone staircase leading up here.
The jelly hits you but does no damage.
You climb upwards.
There is a stone staircase leading down here.
You hit the jelly. The acid corrodes you!
Your hands burn!
* * * LOW HITPOINT WARNING * * *
The jelly is lightly wounded.
The jelly barely misses you.
You hit the jelly. The acid corrodes you!
Your hands burn!
* * * LOW HITPOINT WARNING * * *
The jelly is heavily wounded.
The jelly hits you but does no damage.
You hit the jelly but do no damage.
Your hands burn!
* * * LOW HITPOINT WARNING * * *
The jelly is heavily wounded.
The jelly hits you.
* * * LOW HITPOINT WARNING * * *
The acid corrodes you!
You are splashed with acid!
You die...

#.# #....# ############ #
##.## #....###### #
#...###....##...########## #
#.#..##.#<...............#####
#...........#..[.####.........
#..#.#.#....##.#.# #.##.#####
##.............#.# ##.##.# #
#.#.#.#.....J.#.# #..##.# #
#...........@.### #.#####
#.#.#.#....##..# #.#
#..............# #.#
##.#...#...##.## #.# ####
##......>#####.##########..#
#..####..# #.............#
#.## #.## ############.####
#.# #.# #.# #..... #.# #.# #.#
##....


You could see a jelly.

Vanquished Creatures
  An orc priest (D:4)
  An iguana (D:4)
  An orc wizard (D:3)
  4 adders
  An ufetubus (D:4)
  A worm (D:3)
  3 orcs (D:3)
  8 ball pythons
  7 endoplasms
  2 giant cockroaches (D:3)
  6 goblins
  4 hobgoblins
  2 quokkas
  A bat (D:2)
  A frilled lizard (D:1)
  4 kobolds (D:1)
  2 rats (D:2)
49 creatures vanquished.

Vanquished Creatures (collateral kills)
  A howler monkey (D:2)
  A giant cockroach (D:2)
  A hobgoblin (D:2)
3 creatures vanquished.

Grand Total: 52 creatures vanquished

Notes
Turn   | Place    | Note
-------+----------+-------------------------------------------
     0 | D:1      | concernfroge the Mummy Monk began the quest for the Orb.
     0 | D:1      | Reached XP level 1. HP: 18/18 MP: 1/1
   236 | D:1      | Found Udaklir's General Store.
   249 | D:1      | Reached XP level 2. HP: 24/24 MP: 2/2
   351 | D:1      | Found Hona Nyrgh's Antique Armour Shoppe.
   383 | D:1      | Found Tuac Ucw's Distillery.
   544 | D:1      | Found Ciduimu's Weapon Emporium.
   751 | D:1      | Found a faded altar of an unknown god.
  1028 | D:2      | Reached skill level 4 in Fighting
  1355 | D:2      | Noticed a howler monkey
  1364 | D:2      | Killed a howler monkey
  1365 | D:2      | Gained mutation: You are in touch with the powers of death.
                  | [Mummy growth]
  1365 | D:2      | Reached XP level 3. HP: 32/32 MP: 3/3
  1367 | D:2      | Reached XP level 4. HP: 36/38 MP: 4/4
  1414 | D:2      | Reached skill level 5 in Fighting
  1677 | D:3      | Found a hazy altar of Hepliaklqana.
  2559 | D:3      | Identified the +1 scale mail "Ponaeclo" {rF+++ rN++ Will-}
  2765 | D:3      | Reached XP level 5. HP: 44/46 MP: 5/5
  3118 | D:4      | Found a shimmering altar of Xom.
  3153 | D:4      | Found a basalt altar of Yredelemnul.
  3219 | D:4      | Reached skill level 6 in Fighting
  3400 | D:3      | HP: 2/47 [acid (1)]
  3400 | D:3      | Splashed by a jelly's acid

Illustrated notes

Levels and vault maps discovered:
D:1:      minmay_arrival_doors, layout_basic, shapermc_ecumenical_altar_gd,
          serial_shops, nicolae_shop_advertising_works
          [nicolae_subvault_shop_adworks], shop, nicolae_square_shop,
          nicolae_shop_hallway_stairs
D:2:      layout_rooms, minmay_pentomino_p4
D:3:      layout_loops_ring, mainiacjoe_overflow_chevrons,
          serial_co_window_serial, co_window_corner_a, co_window_cross_1,
          co_window_corner_a, co_window_of_opportunity_a, co_window_cross_1,
          co_window_paths_b, co_window_paths_b, co_window_of_opportunity_a,
          co_window_paths_b, co_window_unsneaky_path_d,
          co_window_unsneaky_path_c, co_window_paths_c, co_window_corner_b,
          co_window_2corner, co_window_broadway_a, glass_columns_b,
          glass_columns_b, minmay_surrounded
D:4:      layout_loops_ring, old_standard_altar, lemuel_doored_altar,
          minmay_tree_intersection, eino_small_chamber_without_monster,
          minmay_puff

Skill      XL: |  1  2  3  4  5 |
---------------+----------------+-----
Fighting       | 4 5 6 |  6.4
Polearms       | |  2.4
Dodging        | |  2.4
Stealth        | |  1.5

Action                   |  1- 3 |  4- 6 || total
-------------------------+-------+-------++-------
Melee: Spear             |    99 |   157 ||   256
       Punch             |       |     4 ||     4
Throw: Dart              |     2 |     7 ||     9
  Use: Scroll            |     1 |     6 ||     7
 Stab: Sleeping          |     1 |       ||     1
Armor: Robe              |    11 |     2 ||    13
       Chain mail        |       |    66 ||    66
       Scale mail        |       |     7 ||     7
Dodge: Dodged            |    39 |    52 ||    91
Block: Other             |       |    35 ||    35
